cohdb
Replays
Latest Replays
All Replays
Popular Replays
Top Player Replays
Match Explorer
How It Works
Community
CoH3 Stats
Reddit
Sign in to upload your games and track your stats! →
Sign in with Steam
Match 43704834
Unlisted
Match 43704834
Overview
Messages
Build Orders
End
Selects Special Operations Battlegroup
Selects M29 Weasel Recon Vehicle
M29 Weasel Recon Vehicle
Construct Barracks
Riflemen Squad
Riflemen Squad
Engineer Squad
Mechanized Support Center
Forward Retreat Point
Grenade Package
Construct Tank Depot
Selects Raiding Flares
Selects SSF Commando Squad
SSF Commando Squad
M4A1 Sherman Medium Tank
Scout Squad
Designate Forward Repair Station
M4A1 Sherman Medium Tank
SSF Commando Squad
Selects P-47 Anti-Infantry Loiter
Raiding Flares
P-47 Anti-Infantry Loiter
M1 Mortar Team
M4A1 Sherman Medium Tank
Designate Forward Repair Station
Bran
DrewP
Dillbro
Lord Heat
15832000298
Sir Ringe
0
0
Comments
sign in to comment!
No comments posted yet!